 Dungeon Sprint DCSS version 0.26-a0-1181-gd376ed14c5 (webtiles) character file.

Game seed: 16014417379401533328

17487 HoaS the Severer (level 12, -3/119 HPs)
             Began as a Formicid Fighter on Dec 25, 2020.
             Was the Champion of Makhleb.
             Slain by an ettin
             ... wielding a +0 dire flail of protection
              (32 damage)
             ... in the Dungeon (Sprint IX: "|||||||||||||||||||||||||||||").
             The game lasted 00:14:19 (2345 turns).

HoaS the Severer (Formicid Fighter)                 Turns: 2345, Time: 00:14:20

Health: -3/119     AC: 24    Str: 25    XL:     12   Next: 83%
Magic:  12/12      EV: 13    Int:  9    God:    Makhleb [******]
Gold:   1601       SH: 12    Dex: 10    Spells: 11/11 levels left

rFire    . . .     SeeInvis +   i - +0 battleaxe
rCold    . . .     Faith    .   c - +0 kite shield
rNeg     . . .     Spirit   .   u - +0 plate armour
rPois    .         Reflect  .   (helmet unavailable)
rElec    .         Harm     .   s - +2 cloak
rCorr    .         Rampage  .   m - +1 pair of gloves
Will     +....                  l - +1 pair of boots
Stlth    ..........             (no amulet)
HPRegen  0.29/turn              n - +2 ring of evasion
MPRegen  0.13/turn              p - +2 ring of protection

@: no status effects
A: permanent stasis, dig shafts and tunnels, four strong arms, antennae 3
a: Dig, Renounce Religion, Minor Destruction, Lesser Servant of Makhleb, Major
Destruction, Greater Servant of Makhleb


You were in the Dungeon.
You worshipped Makhleb.
Makhleb was exalted by your worship.
You visited 1 branch You collected 1601 gold pieces.

Inventory:

Hand Weapons
 i - a +0 battleaxe (weapon)
 k - a +0 great mace
Armour
 c - a +0 kite shield (worn)
 l - a +1 pair of boots (worn)
 m - a +1 pair of gloves (worn)
 s - a +2 cloak (worn)
 u - a +0 plate armour (worn)
Jewellery
 n - a +2 ring of evasion (left hand)
 p - a +2 ring of protection (right hand)
Wands
 j - a wand of acid (10) (quivered)
Scrolls
 g - a scroll of fear
 h - 3 scrolls of remove curse
 q - 2 scrolls of identify
 r - a scroll of fog
Potions
 b - a potion of resistance
 d - a potion of mutation
 e - 2 potions of curing


   Skills:
 * Level 19.2 Fighting
 - Level 20.0 Axes
 - Level 9.0 Armour
 - Level 9.0 Dodging
 - Level 9.0 Shields


You had 11 spell levels left.
You didn't know any spells.
Your spell library was empty.

Dungeon Overview and Level Annotations

Branches:
Dungeon (1/1)

Altars:
Cheibriados
Dithmenos
Elyvilon
Fedhas
Gozag
Hepliaklqana
Kikubaaqudgha
Makhleb
Nemelex Xobeh
Okawaru
Qazlal
Ru
Sif Muna
Trog
Uskayaw
Vehumet
Wu Jian
Xom
Yredelemnul
Zin
The Shining One
Beogh
Jiyva
Lugonu

Shops:
D *?[[


Innate Abilities, Weirdness & Mutations

You cannot be hasted, slowed, berserked, paralysed or teleported.
You can dig through walls and to a lower floor.
Your four strong arms can wield two-handed weapons with a shield.
You have a pair of large antennae on your head. (SInv)


Message History

Makhleb accepts your kill.
You feel better.
Your Fighting skill increases to level 19!
You feel better.
You feel better. The ettin barely misses you. You block the ettin's attack.
You feel better. You block the ettin's attack.
The ettin hits you with a +0 dire flail!
You feel better. The ettin hits you but does no damage.
You block the ettin's attack.
You slash the ettin!
The ettin is lightly wounded.
The ettin hits you with a +0 dire flail of protection!!
* * * LOW HITPOINT WARNING * * *
The ettin hits you but does no damage.
You slice the ettin!!
The ettin is severely wounded.
You barely miss the ettin.
The ettin is severely wounded.
The ettin hits you with a +0 dire flail of protection!!
You die...

{
▓$▓.▓.▓.▓.▓
{
▓$▓.▓.▓.▓.▓
{
▓$▓.▓'▓.▓.▓
{
▓$▓.▓!▓.▓.▓
{
▓∩▓.▓.▓.▓.▓
{
▓$▓.▓.▓.▓[▓
{
▓T▓.▓.▓.▓)▓
{
▓C▓.▓.▓.▓.▓
{
▓@▓.▓.▓.▓.▓
{ {
▓(▓.▓.▓.▓.▓
{
▓∩▓.▓.▓.▓.▓
{
▓(▓.▓.▓.▓.▓
{
▓.▓.▓.▓.▓)▓
{
▓.▓.▓.▓.▓?▓
▓.▓.▓.▓.▓.▓
▓.▓.▓'▓.▓'▓
▓'▓.▓.▓.▓_▓


You could see an ettin and a troll.

Vanquished Creatures
  A stone giant (D)
  3 ettins (D)
  A hydra (D)
  2 ogre magi (D)
  4 death yaks (D)
  3 deep trolls (D)
  An unseen horror (D)
  2 orc knights (D)
  2 cane toads (D)
  A gargoyle (D)
  A black mamba (D)
  4 komodo dragons (D)
  A rime drake (D)
  3 trolls (D)
  A blink frog (D)
  7 yaks (D)
  2 basilisks (D)
  A wraith (D)
  A vampire mosquito (D)
  2 water moccasins (D)
  11 orc warriors (D)
  A wolf (D)
  2 ogres (D)
  2 bullfrogs (D)
  A scorpion (D)
  3 orc priests (D)
  3 orc wizards (D)
  A worker ant (D)
  An ooze (D)
  7 orcs (D)
  A hobgoblin (D)
  A quokka (D)
  A frilled lizard (D)
  A leopard gecko skeleton (D)
  A quokka zombie (D)
  3 rats (D)
83 creatures vanquished.

Notes
Turn   | Place    | Note
-------+----------+-------------------------------------------
     0 | D        | HoaS the Formicid Fighter began the quest for the Orb.
     0 | D        | Reached XP level 1. HP: 18/18 MP: 1/1
    18 | D        | Reached skill level 3 in Axes
    81 | D        | Noticed a worker ant
    81 | D        | Noticed an ogre
    85 | D        | Reached XP level 2. HP: 24/24 MP: 2/2
    88 | D        | Killed an ogre
    89 | D        | Reached skill level 7 in Axes
    89 | D        | Reached XP level 3. HP: 29/29 MP: 3/3
    89 | D        | Reached XP level 4. HP: 35/35 MP: 4/4
    91 | D        | Reached XP level 5. HP: 41/41 MP: 5/5
    97 | D        | Found a roughly hewn altar of Beogh.
    97 | D        | Found a snail-covered altar of Cheibriados.
    97 | D        | Found a shadowy altar of Dithmenos.
    97 | D        | Found a white marble altar of Elyvilon.
    97 | D        | Found a blossoming altar of Fedhas.
    97 | D        | Found an opulent altar of Gozag.
    98 | D        | Found a hazy altar of Hepliaklqana.
    99 | D        | Found a viscous altar of Jiyva.
   100 | D        | Found an ancient bone altar of Kikubaaqudgha.
   101 | D        | Found a corrupted altar of Lugonu.
   102 | D        | Found a burning altar of Makhleb.
   103 | D        | Found a sparkling altar of Nemelex Xobeh.
   104 | D        | Found an iron altar of Okawaru.
   105 | D        | Found a stormy altar of Qazlal.
   106 | D        | Found a sacrificial altar of Ru.
   107 | D        | Found a shimmering blue altar of Sif Muna.
   108 | D        | Found a bloodstained altar of Trog.
   109 | D        | Found a hide-covered altar of Uskayaw.
   110 | D        | Became a worshipper of Makhleb the Destroyer
   111 | D        | Found a radiant altar of Vehumet.
   112 | D        | Found an ornate altar of the Wu Jian Council.
   113 | D        | Found a shimmering altar of Xom.
   114 | D        | Found a basalt altar of Yredelemnul.
   115 | D        | Found a glowing silver altar of Zin.
   116 | D        | Found a glowing golden altar of the Shining One.
   173 | D        | Noticed a wraith
   173 | D        | Noticed an unseen horror
   173 | D        | Noticed a troll
   173 | D        | Noticed an ogre
   177 | D        | Killed an ogre
   178 | D        | Reached skill level 9 in Axes
   178 | D        | Reached XP level 6. HP: 20/47 MP: 6/6
   181 | D        | Killed a troll
   182 | D        | Reached skill level 12 in Axes
   182 | D        | Reached XP level 7. HP: 36/52 MP: 7/7
   190 | D        | Killed an unseen horror
   190 | D        | Reached * piety under Makhleb
   191 | D        | Reached skill level 15 in Axes
   191 | D        | Reached XP level 8. HP: 31/58 MP: 8/8
   199 | D        | Killed a wraith
   204 | D        | Reached ** piety under Makhleb
   329 | D        | Noticed a basilisk
   329 | D        | Noticed a gargoyle
   329 | D        | Noticed a yak
   335 | D        | Killed a yak
   336 | D        | Reached skill level 16 in Axes
   343 | D        | Reached XP level 9. HP: 51/64 MP: 9/9
   354 | D        | Killed a gargoyle
   354 | D        | Reached *** piety under Makhleb
   355 | D        | Reached skill level 17 in Axes
   489 | D        | Noticed a black mamba
   489 | D        | Noticed a cane toad
   489 | D        | Noticed a cane toad
   489 | D        | Noticed a komodo dragon
   490 | D        | Noticed a komodo dragon
   494 | D        | Killed a komodo dragon
   495 | D        | Reached skill level 18 in Axes
   496 | D        | Killed a cane toad
   502 | D        | Killed a cane toad
   502 | D        | Reached **** piety under Makhleb
   503 | D        | Reached skill level 19 in Axes
   503 | D        | Reached XP level 10. HP: 70/70 MP: 10/10
   520 | D        | Killed a black mamba
   529 | D        | Killed a komodo dragon
   532 | D        | Reached ***** piety under Makhleb
   533 | D        | Reached skill level 20 in Axes
   533 | D        | Reached skill level 1 in Dodging
   542 | D        | Noticed a komodo dragon
   542 | D        | Noticed a komodo dragon
   542 | D        | Noticed a six-headed hydra
   656 | D        | Killed a six-headed hydra
   657 | D        | Reached skill level 5 in Armour
   874 | D        | Killed a komodo dragon
   883 | D        | Killed a komodo dragon
   892 | D        | Noticed a rime drake
   898 | D        | Killed a rime drake
   899 | D        | Reached XP level 11. HP: 89/89 MP: 11/11
   913 | D        | Reached ****** piety under Makhleb
   965 | D        | Noticed a death yak
   965 | D        | Noticed a death yak
   965 | D        | Noticed a death yak
  1009 | D        | Noticed a death yak
  1010 | D        | Killed a death yak
  1011 | D        | Reached skill level 10 in Fighting
  1011 | D        | Reached skill level 5 in Dodging
  1028 | D        | Killed a death yak
  1034 | D        | Killed a death yak
  1068 | D        | Killed a death yak
  1385 | D        | Noticed an ettin
  1392 | D        | Killed an ettin
  1522 | D        | Noticed an orc knight
  1557 | D        | Killed an orc knight
  1587 | D        | Noticed an orc knight
  1605 | D        | Killed an orc knight
  1606 | D        | Reached XP level 12. HP: 105/108 MP: 12/12
  1713 | D        | Found Saowaud's Armour Boutique.
  1713 | D        | Noticed a deep troll
  1713 | D        | Noticed an ogre mage
  1713 | D        | Noticed an ettin
  1738 | D        | Reached skill level 15 in Fighting
  1755 | D        | Killed an ettin
  1763 | D        | Killed a deep troll
  1769 | D        | Killed an ogre mage
  1913 | D        | Noticed an ogre mage
  1926 | D        | Killed an ogre mage
  1936 | D        | Noticed a deep troll
  1941 | D        | Noticed a deep troll
  1942 | D        | Killed a deep troll
  1947 | D        | Killed a deep troll
  1961 | D        | Found Ymyhe's Antique Armour Shop.
  1965 | D        | Found Vaibige's Magic Scroll Boutique.
  1967 | D        | Noticed an ettin
  1968 | D        | Found Pevot's Assorted Antiques.
  2000 | D        | Killed an ettin
  2323 | D        | Noticed an ettin
  2323 | D        | Noticed a stone giant
  2338 | D        | Killed a stone giant
  2345 | D        | Slain by an ettin

Illustrated notes

Levels and vault maps discovered:
D:        linesprint [early_d, line_temple, items_1, d_10, items_2, lair_1,
          lair_end, items_3, orc_1, orc_end, items_4, d_15, swamp_1, shoals_1,
          snake_1, spider_1, d_20, vaults_1, items_5, swamp_end, shoals_end,
          snake_end, spider_end, vaults_end, d_27, items_6, zot_1, zot_end,
          crypt_end, forest_end, elf_end, slime_end, tomb_end, abyss_end,
          pan_hell_end]

Skill      XL: |  1  2  3  4  5  6  7  8  9 10 11 12 |
---------------+-------------------------------------+-----
Axes           | 3 7 9 12 15 16 19 20 | 20.0
Shields        | 4 7 8 9 |  9.0
Fighting       | 9 14 19 | 19.2
Dodging        | 4 8 9 |  9.0
Armour         | 6 9 |  9.0

Action                   |  1- 3 |  4- 6 |  7- 9 | 10-12 || total
-------------------------+-------+-------+-------+-------++-------
Melee: War axe           |    22 |     3 |       |       ||    25
       Broad axe         |       |     7 |    59 |   184 ||   250
       Morningstar       |       |       |       |     5 ||     5
       Battleaxe         |       |       |       |   106 ||   106
 Abil: Dig               |       |     1 |       |       ||     1
  Use: Potion            |     1 |     1 |     2 |     6 ||    10
       Scroll            |       |       |       |     5 ||     5
 Stab: Invisible         |       |       |     5 |     5 ||    10
Armor: Scale mail        |     9 |       |       |       ||     9
       Chain mail        |       |     5 |     6 |    21 ||    32
       Plate armour      |       |       |       |    18 ||    18
Dodge: Dodged            |     3 |     2 |    14 |    56 ||    75
Block: Kite shield       |     9 |     4 |    22 |    88 ||   123

Table legend: (Time is in decaauts)
 A = Elapsed time spent in this place.
 B = Non-inter-level travel time spent in this place.
 C = Inter-level travel time spent in this place.
 D = Time resting spent in this place.
 E = Time spent auto-exploring this place.
 F = Levels seen in this place.
 G = Mean time per level.
                   A        B        C        D        E       F      G
               +--------+--------+--------+--------+--------+-----+--------+
         Total |   2260 |   2260 |      0 |    845 |    152 |   1 | 2260.0 |
       Dungeon |   2260 |   2260 |      0 |    845 |    152 |   1 | 2260.0 |
               +--------+--------+--------+--------+--------+-----+--------+

Top non-repeatable levels by time:
       D: 2260 daAuts
